 Dungeon Crawl Stone Soup version 0.30-a0-760-g5a9884bb7c (webtiles) character file.

Game seed: 13644463322197462878

4834 Mickster the Covered (level 10, -5/81 HPs)
             Began as a Demigod Gladiator on Feb 12, 2023.
             Slain by Paptupha's ghost (8 damage)
             ... on level 1 of the Orcish Mines.
             The game lasted 01:37:49 (8823 turns).

Mickster the Covered (Demigod Gladiator)            Turns: 8823, Time: 01:37:49

Health: -5/81      AC: 17    Str: 27    XL:     10   Next: 5%
Magic:  13/13      EV: 14    Int: 10    God:
Gold:   310        SH:  0    Dex: 15    Spells: 9/9 levels left

rFire   . . .      SeeInvis +    E - +6 hand axe (freeze)
rCold   . . .      Faith    .    (no shield)
rNeg    . . .      Spirit   .    i - +1 plate armour
rPois   .          Reflect  .    (helmet restricted)
rElec   .          Harm     .    (no cloak)
rCorr   +          Rampage  .    m - +0 pair of gloves
Will    +....      Rnd*Tele +    K - +0 pair of boots {Fly} Stlth
                                 p - amulet of the acrobat
HPRegen 0.33/turn                w - ring of resist corrosion
MPRegen 0.13/turn                H - +5 ring of evasion

@: flying
A: high MP 1, forlorn, divine attributes, horns 1, see invisible, teleportitis 1
a: no special abilities


You were on level 1 of the Orcish Mines.
You visited 2 branches of the dungeon, and saw 10 of its levels.

You collected 659 gold pieces.
You spent 349 gold pieces at shops.

Inventory:

Hand Weapons
 a - a +0 long sword of chaos
 f - a +1 short sword of draining
 k - a +1 spectral club
 o - a +0 dagger of chaos
 r - a +0 sling
 s - a +0 shortbow
 t - a +3 long sword
 u - a +1 mace of holy wrath
 v - a +4 dagger
 A - a +1 flail
 B - a +3 great sword
 E - a +6 hand axe of freezing (weapon)
 F - a +3 falchion
Missiles
 g - 58 stones (quivered)
 j - a javelin
 z - 10 poisoned darts
 C - 4 boomerangs
Armour
 c - a +0 helmet
 e - a +1 chain mail
 i - a +1 plate armour (worn)
 l - a +1 robe of willpower
 m - a +0 pair of gloves (worn)
 y - a +0 pair of boots
 J - a +2 helmet
 K - a +0 pair of boots of flying (worn)
Jewellery
 p - an amulet of the acrobat (around neck)
 w - a ring of resist corrosion (left hand)
 H - a +5 ring of evasion (right hand)
Wands
 b - a wand of polymorph (7)
 I - a wand of charming (6)
Scrolls
 n - 3 scrolls of identify
 q - a scroll of magic mapping
Potions
 h - 2 potions of curing
 x - a potion of berserk rage
 D - 3 potions of brilliance
 G - a potion of haste


   Skills:
 + Level 5.3 Fighting
 - Level 1.9(4.6) Short Blades
 - Level 6.6(6.8) Long Blades
 * Level 6.0(6.4) Axes
 - Level 3.2(5.0) Maces & Flails
 + Level 2.5 Throwing
 + Level 7.6 Armour
 - Level 3.7 Dodging
 + Level 1.6 Stealth
 + Level 0.4 Unarmed Combat


You had 9 spell levels left.
You didn't know any spells.
Your spell library contained the following spells:

 Spells                   Type           Power      Damage    Failure   Level
 Necrotise                Necr           0%         1d4       98%         1
 Summon Small Mammal      Summ           0%         N/A       98%         1
 Ensorcelled Hibernation  Hex/Ice        0%         N/A       99%         2
 Call Canine Familiar     Summ           0%         N/A       100%        3
 Spider Form              Tmut/Pois      0%         N/A       100%        3
 Summon Guardian Golem    Hex/Summ       0%         N/A       100%        3
 Vampiric Draining        Necr           0%         2d6       100%        3
 Anguish                  Hex/Necr       0%         N/A       100%        4
 Agony                    Necr           0%         N/A       100%        5


Dungeon Overview and Level Annotations

Branches:
Dungeon (9/15)             Temple (0/1) D:6             Orc (1/2) D:9
   Lair: D:8-11

Shops:
D:1 !   D:9 [

Annotations:
Orc:1 Paptupha's ghost, journeyman DEHu


Innate Abilities, Weirdness & Mutations

You have an increased reservoir of magic. (+10% MP)
You shall have no god before yourself.
Your divine heritage dramatically boosts your attributes as you level up.
You have a pair of small horns on your head.
You have supernaturally acute eyesight. (SInv)
You are occasionally teleported next to monsters.


Message History

The orc knight hits you but does no damage.
You are electrocuted!
There is an open translucent gate here.
You hit the orc knight. You freeze the orc knight.
The orc knight is lightly wounded.
You hit the orc knight but do no damage.
The orc knight roars a battlecry!
The orc knight goes into a battle-frenzy!
The orc knight hits you with a +0 halberd!!
You hit the orc knight. You freeze the orc knight.
The orc knight is lightly wounded.
You hit the orc knight but do no damage.
You slash the orc priest! You freeze the orc priest.
The orc priest hits you but does no damage.
The orc knight hits you with a +2 war axe of electrocution.
The orc knight roars a battlecry!
The orcs go into a battle-frenzy!
You closely miss the orc knight. Your headbutt misses the orc knight.
The orc knight is lightly wounded.
You hit the orc knight. You freeze the orc knight.
You barely miss the orc priest.
The orc priest calls upon Beogh to heal the orc knight.
The orc knight is healed somewhat.
The orc knight hits you with a +2 war axe of electrocution!
* * * LOW HITPOINT WARNING * * *
The orc knight hits you with a +0 halberd.
* * * LOW HITPOINT WARNING * * *
You barely miss the orc knight.
The orc knight is lightly wounded.
You slash the orc priest! You freeze the orc priest.
You kill the orc priest!
You hit the orc knight. You freeze the orc knight.
The orc knight closely misses you.
The orc knight hits you with a +2 war axe of electrocution!
* * * LOW HITPOINT WARNING * * *
You barely miss the orc knight. Your headbutt misses the orc knight.
The orc knight is lightly wounded.
You miss Paptupha's ghost. You barely miss the orc knight.
Paptupha's ghost hits you!
You die...

...########8........
#. .....#......... #
.##..#....>....
#.$8#..#.........
#..##..#.........
#)...#.#.........
#[...#.'...#.....
#_.8.#.o.........
...#.@.........
.o.#W#o........
.##oo#.........
.8#oo#..#......
..##oo#..##.....
#8...oo#..# ...## #
######8.# .#.# ####
..# ##


You could see 3 orc knights, 3 orc warriors, Paptupha's ghost and 4 orcs.

Vanquished Creatures
  A two-headed ogre (D:8)
  Psyche (D:8)
  A troll (Orc:1)
  Grinder (D:3)
  A steam dragon (D:7)
  5 orc warriors
  An ice beast (D:7)
  2 sky beasts
  4 black bears
  3 ogres (Orc:1)
  5 centaurs
  A phantom (D:5)
  2 kobold brigands
  2 necrophages
  2 bullfrogs
  A scorpion (D:6)
  7 wights (D:7)
  2 howler monkeys (D:8)
  A gnoll bouda (D:7)
  3 hounds
  A jelly (D:6)
  2 orc priests
  Jessica (D:2)
  6 orc wizards
  Ijyb (D:2)
  Natasha (thrice) (D:3)
  Robin (D:3)
  3 gnolls (D:7)
  6 adders
  3 white imps (D:7)
  An ufetubus (D:5)
  3 worms
  26 orcs
  6 ball pythons
  4 bats
  8 endoplasms
  5 giant cockroaches
  14 goblins
  8 hobgoblins
  4 jackals (D:3)
  2 quokkas
  A frilled lizard (D:1)
  21 kobolds
  11 rats
187 creatures vanquished.

Vanquished Creatures (others)
  A plant (D:5)
1 creature vanquished.

Grand Total: 188 creatures vanquished

Notes
Turn   | Place    | Note
-------+----------+-------------------------------------------
     0 | D:1      | Mickster the Demigod Gladiator began the quest for the Orb.
     0 | D:1      | Reached XP level 1. HP: 17/17 MP: 3/3
   199 | D:1      | Reached XP level 2. HP: 24/24 MP: 4/4
   468 | D:1      | Found Sivvu's Distillery.
   552 | D:1      | Reached skill level 1 in Short Blades
   648 | D:1      | Bought a potion of curing for 42 gold pieces
   775 | D:1      | Reached XP level 3. HP: 20/29 MP: 5/5
  1235 | D:2      | Noticed Jessica
  1247 | D:2      | Killed Jessica
  1248 | D:2      | Reached skill level 1 in Armour
  1518 | D:2      | Noticed Ijyb
  1564 | D:2      | Reached XP level 4. HP: 28/36 MP: 6/6
  1570 | D:2      | Killed Ijyb
  1950 | D:3      | Noticed Natasha
  1958 | D:3      | Killed Natasha
  2186 | D:3      | Reached skill level 1 in Maces & Flails
  2186 | D:3      | Reached XP level 5. HP: 41/42 MP: 7/7
  2201 | D:3      | Reached skill level 2 in Armour
  2278 | D:3      | Noticed Natasha
  2283 | D:3      | Killed Natasha
  2317 | D:3      | Noticed Robin
  2322 | D:3      | Killed Robin
  2323 | D:3      | Reached skill level 1 in Stealth
  2404 | D:3      | Noticed Natasha
  2421 | D:3      | Killed Natasha
  2695 | D:3      | Noticed Grinder
  2706 | D:3      | Paralysed by Grinder for 3 turns
  2729 | D:3      | Paralysed by Grinder for 3 turns
  2737 | D:3      | Killed Grinder
  2738 | D:3      | Reached skill level 3 in Armour
  2738 | D:3      | Reached XP level 6. HP: 12/50 MP: 8/8
  3132 | D:4      | You fall into a shaft and drop 1 floor!
  3132 | D:5      | Entered Level 5 of the Dungeon
  3369 | D:5      | Reached XP level 7. HP: 46/57 MP: 9/9
  3632 | D:5      | Reached skill level 4 in Armour
  4290 | D:5      | Reached skill level 5 in Long Blades
  4484 | D:6      | Reached skill level 5 in Armour
  4521 | D:6      | Reached XP level 8. HP: 56/63 MP: 10/10
  4665 | D:6      | Found a staircase to the Ecumenical Temple.
  5211 | D:7      | Gained mutation: You have supernaturally acute eyesight.
                  | (SInv) [potion of mutation]
  5211 | D:7      | Gained mutation: You have a pair of small horns on your
                  | head. [potion of mutation]
  5211 | D:7      | Gained mutation: You are occasionally teleported next to
                  | monsters. [potion of mutation]
  5553 | D:7      | Reached skill level 6 in Armour
  6241 | D:7      | Reached XP level 9. HP: 56/72 MP: 11/11
  6657 | D:8      | Reached skill level 1 in Axes
  6752 | D:8      | Noticed Psyche
  6762 | D:8      | Killed Psyche
  6763 | D:8      | Reached skill level 5 in Fighting
  6933 | D:8      | Noticed a two-headed ogre
  6942 | D:8      | Killed a two-headed ogre
  6943 | D:8      | Reached skill level 7 in Armour
  7965 | D:7      | Reached skill level 5 in Axes
  8180 | D:9      | Found a staircase to the Orcish Mines.
  8180 | D:9      | Found Hoceott's Armour Emporium.
  8256 | D:9      | Bought a +2 helmet for 181 gold pieces
  8256 | D:9      | Bought a +0 pair of boots of flying for 126 gold pieces
  8458 | Orc:1    | Entered Level 1 of the Orcish Mines
  8632 | Orc:1    | Reached XP level 10. HP: 73/81 MP: 13/13
  8789 | Orc:1    | Found a runed translucent gate.
  8789 | Orc:1    | Noticed Paptupha's ghost (journeyman DEHu)
  8791 | Orc:1    | Noticed an orc knight
  8791 | Orc:1    | Noticed an orc knight
  8792 | Orc:1    | Noticed an orc knight
  8793 | Orc:1    | Found a runed translucent gate.
  8794 | Orc:1    | Found a runed translucent gate.
  8795 | Orc:1    | Noticed an orc knight
  8822 | Orc:1    | HP: 3/81 [orc knight/+2 war axe of electrocution (14)]
  8823 | Orc:1    | Slain by Paptupha's ghost

Illustrated notes

Levels and vault maps discovered:
D:1:      saegor_arrival_under_anarchy, layout_basic, serial_shops,
          nicolae_shop_behind_doors, st_stairs_12, hangedman_feature_mirror
D:2:      kennysheep_the_goblin_king, layout_basic, minmay_bisected,
          uniq_jessica
D:3:      layout_basic, eat_drink_and_be_merry_uskayaw,
          mainiacjoe_overflow_paths, uniq_grinder, uniq_natasha, uniq_robin
D:4:      layout_loops_ring, kennysheep_mini, overflow_temple_1_default,
          gammafunk_ghost_smash, serial_co_window_serial, co_window_paths_a,
          co_window_corner_a, co_window_paths_b, co_window_corner_a,
          co_window_corner_a, co_window_2corner, co_window_paths_c,
          co_window_broadway_c, co_window_corner_b, co_window_broadway_a,
          co_window_4corner_b, glass_columns_a, glass_columns_a,
          glass_columns_a, glass_columns_b, glass_columns_a
D:5:      layout_loops_cross, solitary_fountain, nicolae_zen_rock_garden
D:6:      layout_loops_cross, minmay_temple_entry_from_below_b
D:7:      layout_gridville, grunt_temple_overflow_open,
          nicolae_gozag_seed_capital, amcnicky_altar_gilded
D:8:      layout_basic, kennysheep_little_box, minivault_21, uniq_psyche
D:9:      layout_basic, orc_david_3, lightli_church_of_beogh, uniq_pikel
Orc:1:    layout_caves, biasface_ghost_orc_armoury

Skill      XL: |  1  2  3  4  5  6  7  8  9 |
---------------+----------------------------+-----
Long Blades    | 3 4 5 6 |  6.6
Throwing       | 2 |  2.5
Dodging        | 3 |  3.7
Short Blades   | 1 |  1.9
Fighting       | 2 3 4 5 |  5.3
Armour         | 1 3 5 6 7 |  7.6
Maces & Flails | 1 2 3 |  3.2
Stealth        | 1 |  1.6
Axes           | 6 |  6.0
Unarmed Combat | |  0.4

Action                     |  1- 3 |  4- 6 |  7- 9 | 10-12 || total
---------------------------+-------+-------+-------+-------++-------
  Melee: Long sword        |    34 |   158 |   129 |       ||   321
         Short sword       |   108 |       |       |       ||   108
         Punch             |     2 |     1 |     6 |       ||     9
         Unarmed           |    22 |       |       |       ||    22
         Club              |     1 |       |       |       ||     1
         Mace              |       |       |    28 |       ||    28
         Great sword       |       |       |    50 |       ||    50
         Headbutt          |       |       |    40 |     1 ||    41
         Hand axe          |       |       |   110 |    17 ||   127
  Throw: Throwing net      |     1 |     2 |     1 |       ||     4
         Javelin           |       |     1 |       |       ||     1
         Stone             |       |     3 |     2 |       ||     5
    Use: Scroll            |     2 |     5 |     5 |       ||    12
         Potion            |     2 |     4 |    10 |       ||    16
   Stab: Held in net/web   |       |     1 |       |       ||     1
         Paralysed         |       |       |     1 |       ||     1
 Armour: Leather armour    |    21 |       |       |       ||    21
         Scale mail        |    34 |       |       |       ||    34
         Skin              |     2 |       |       |       ||     2
         Chain mail        |       |   122 |    27 |       ||   149
         Plate armour      |       |       |   272 |     6 ||   278
  Dodge: Dodged            |    94 |    80 |   369 |     9 ||   552

Table legend: (Time is in decaauts)
 A = Elapsed time spent in this place.
 B = Non-inter-level travel time spent in this place.
 C = Inter-level travel time spent in this place.
 D = Time resting spent in this place.
 E = Time spent auto-exploring this place.
 F = Levels seen in this place.
 G = Mean time per level.
                   A        B        C        D        E       F      G
               +--------+--------+--------+--------+--------+-----+--------+
         Total |   8899 |   8521 |    378 |   2764 |      0 |  10 |  889.9 |
       Dungeon |   8535 |   8157 |    378 |   2573 |      0 |   9 |  948.3 |
  Orcish Mines |    364 |    364 |      0 |    191 |      0 |   1 |  364.0 |
               +--------+--------+--------+--------+--------+-----+--------+

Top non-repeatable levels by time:
     D:7: 2061 daAuts
     D:5: 1226 daAuts
     D:8: 1207 daAuts
     D:3: 1173 daAuts
     D:2: 923 daAuts
     D:1: 898 daAuts
     D:6: 582 daAuts
   Orc:1: 364 daAuts
     D:9: 298 daAuts
     D:4: 163 daAuts
